AoeStats
← z PonCe z

Arabia

509046213Analyzed
3v3 RM · 6d ago on Sep 25, 2026· 46m 27s· 6 players
Game mode
Random Map
Map size
Normal (6 player)
Population
200
Speed
Normal
Resources
Standard
Victory
Conquest
Starting age
Dark Age
Ending age
Imperial Age
RankedLock teamsTeams togetherTeam positionsShared explorationLock speedFull tech treeHidden civsTurbo modeCheats
Victory
Defeat
🇲🇽 Magyars · Mexico
1115
+11
1108
+11
🇲🇽 Tupi · Mexico
1019
+14
🇹🇼 Saxons · Taiwan
1042
-35
🇵🇪 Ethiopians · Peru
977
-11
🇦🇺 Celts · Australia
972
-11
Ramírez0511
10:14 Feudal Age
11:32 Wheelbarrow
10:47 Double-Bit Axe
10:57 Gold Mining
13:14 Horse Collar
20:17 Castle Age
20:11 Stone Mining
21:37 Hand Cart
22:21 Loom
24:47 Masonry
26:07 Fletching
29:57 Crossbowman
30:42 Thumb Ring
31:19 Squires
31:27 Scale Mail Armor
31:23 Bodkin Arrow
38:16 Elite Skirmisher
41:33 Imperial Age
38:49 Town Watch
39:10 Heavy Plow
39:23 Bow Saw
40:42 Forging
40:47 Chain Mail Armor
40:33 Padded Archer Armor
41:09 Ballistics
40:46 Murder Holes
43:37 Town Patrol
43:47 Bracer
44:02 Leather Archer Armor
44:18 Plate Mail Armor
44:23 Iron Casting
44:52 Chemistry
44:23 Architecture
44:01 Halberdier
44:27 Arson
45:07 Conscription
44:49 Torsion Engines
whoooops
0:37 Loom
10:33 Feudal Age
11:47 Horse Collar
18:20 Forging
22:44 Scale Mail Armor
27:22 Castle Age
40:29 Bloodlines
HanzVermhat
3:14 Loom
10:12 Feudal Age
11:54 Double-Bit Axe
20:07 Castle Age
18:01 Stone Mining
17:52 Horse Collar
19:44 Wheelbarrow
18:54 Town Watch
24:44 Pikeman
25:09 Gambesons
26:49 Bow Saw
28:04 Gold Mining
31:10 Hand Cart
30:57 Heavy Plow
34:33 Forging
34:29 Scale Mail Armor
37:16 Chain Mail Armor
37:36 Iron Casting
z PonCe z
0:40 Loom
9:05 Feudal Age
9:49 Double-Bit Axe
9:57 Gold Mining
19:10 Padded Archer Armor
19:00 Fletching
22:50 Castle Age
22:34 Stone Mining
24:51 Wheelbarrow
27:33 Horse Collar
29:44 Bow Saw
30:42 Gold Shaft Mining
31:12 Heavy Plow
33:31 Ballistics
33:56 Bodkin Arrow
34:17 Leather Archer Armor
37:48 Hand Cart
44:20 Imperial Age
44:21 Elite Blackwood Archer
46:05 Chemistry
45:45 Bracer
46:21 Ring Archer Armor
Jorge el glorioso maton
2:40 Loom
9:35 Feudal Age
16:45 Castle Age
28:18 Double-Bit Axe
28:23 Horse Collar
33:37 Imperial Age
31:44 Padded Archer Armor
31:35 Fletching
32:52 Bow Saw
32:45 Heavy Plow
33:32 Ballistics
33:31 Leather Archer Armor
33:19 Bodkin Arrow
33:43 Gold Mining
36:32 Chemistry
35:35 Bracer
36:10 Ring Archer Armor
37:00 Thumb Ring
39:53 Wheelbarrow
39:04 Town Watch
40:35 Two-Man Saw
40:07 Crop Rotation
41:06 Crossbowman
42:33 Arbalester
iSlayerXtrem
7:22 Loom
9:40 Feudal Age
13:54 Scale Barding Armor
16:02 Double-Bit Axe
15:59 Horse Collar
21:29 Castle Age
22:27 Bloodlines
24:10 Gold Mining
26:43 Chain Barding Armor
26:38 Husbandry
29:26 Heavy Plow
36:13 Gold Shaft Mining
35:29 Stone Mining
38:58 Imperial Age
38:33 Corvinian Army
39:12 Wheelbarrow
38:23 Town Watch
39:04 Cavalier
40:32 Plate Barding Armor
40:52 Bow Saw
40:33 Paladin
43:41 Hand Cart
43:26 Town Patrol
46:22 Elite Magyar Huszar
Connection lost

Rejoining the realm…

Still unreachable

The connection could not be restored.

Session expired

The server has moved on; the page needs a fresh start.